 Dungeon Crawl Stone Soup version 0.30-a0-4-ga7cffc901d (webtiles) character file.

Game seed: 10902821389479948053

107 drpainis the Sneak (level 4, 0/21 HPs)
             Began as a Spriggan Enchanter on Aug 20, 2022.
             Slain by an orc
             ... wielding a +0 hand axe
              (7 damage)
             ... on level 3 of the Dungeon.
             The game lasted 00:04:00 (3889 turns).

drpainis the Sneak (Spriggan Enchanter)             Turns: 3889, Time: 00:04:01

Health: 0/21       AC:  2    Str:  4    XL:     4   Next: 56%
Magic:  5/10       EV: 17    Int: 18    God:
Gold:   73         SH:  0    Dex: 15    Spells: 2/10 levels left

rFire   . . .      SeeInvis +    a - +1 dagger
rCold   . . .      Faith    .    (no shield)
rNeg    . . .      Spirit   .    b - +0 robe
rPois   .          Reflect  .    (helmet restricted)
rElec   .          Harm     .    (no cloak)
rCorr   .          Rampage  .    (gloves unavailable)
Will    .....                    (boots unavailable)
Stlth   +++.......               (no amulet)
HPRegen 0.07/turn                (no ring)
MPRegen 0.12/turn                (no ring)

@: very quick
A: very small, no large weapons, unfitting armour, see invisible, speed 3
a: no special abilities


You were on level 3 of the Dungeon.
You visited 1 branch of the dungeon, and saw 3 of its levels.

You collected 73 gold pieces.

Inventory:

Hand Weapons
 a - a +1 dagger (weapon)
 k - a +1 vorpal sling
 l - a +5 club
Missiles
 i - 5 poisoned darts (quivered)
Armour
 b - a +0 robe (worn)
Wands
 p - a wand of mindburst (19)
Scrolls
 h - 2 scrolls of identify {unknown}
 j - a scroll of amnesia {unknown}
 m - a scroll of enchant armour {unknown}
 o - a scroll of brand weapon {unknown}
Potions
 c - 2 potions of invisibility
 d - a potion of brilliance {unknown}
 e - 2 potions of degeneration {unknown}
 f - a potion of curing {unknown}
 g - a potion of heal wounds {unknown}
 n - a potion of haste {unknown}


   Skills:
 + Level 0.1 Fighting
 + Level 1.9 Short Blades
 + Level 3.1 Dodging
 + Level 5.9 Stealth
 + Level 3.7 Spellcasting
 + Level 4.2 Hexes
 + Level 0.6 Ice Magic


You had 2 spell levels left.
You knew the following spells:

 Your Spells              Type           Power      Damage    Failure   Level
a - Ensorcelled Hibernat  Hex/Ice        24%        N/A       9%          2
b - Confusing Touch       Hex            18%        N/A       9%          3
c - Tukima's Dance        Hex            18%        N/A       9%          3

Your spell library contained the following spells:

 Spells                   Type           Power      Damage    Failure   Level
 Beastly Appendage        Tmut           6%         N/A       16%         1
 Wereblood                Tmut           3%         N/A       22%         2
 Dazzling Flash           Conj/Hex       20%        N/A       19%         3
 Spider Form              Tmut/Pois      3%         N/A       41%         3


Dungeon Overview and Level Annotations

Branches:
Dungeon (3/15)

Altars:
Makhleb
Trog

Shops:
D:3 =


Innate Abilities, Weirdness & Mutations

You are very small and have problems with some larger weapons.
You are too small for most types of armour.
You have supernaturally acute eyesight. (SInv)
You cover ground extremely quickly. (Speed+++)


Message History

The howler monkey is severely wounded.
The howler monkey closely misses you.
You closely miss the howler monkey.
The howler monkey is severely wounded.
The howler monkey completely misses you.
You hit the howler monkey.
The howler monkey is severely wounded.
The howler monkey hits you.
An ogre comes into view. It is wielding a +0 giant club.
You hit the howler monkey.
The howler monkey is severely wounded.
The howler monkey hoots and howls with incredible vigour!
The howler monkey closely misses you.
You hear a howl! x2; You hear a shout! x4; You hear a bark!
The howler monkey hoots and howls with incredible vigour!
You hear a howl!
The howler monkey hoots and howls with incredible vigour!
You start resting.
An orc is nearby!
An orc is nearby!
Casting: Ensorcelled Hibernation (safe; 9% risk of failure)
Confirm with . or Enter, or press ? or * to list all spells.
You don't know that spell.
Casting: Ensorcelled Hibernation (safe; 9% risk of failure)
Confirm with . or Enter, or press ? or * to list all spells.
Aiming: Ensorcelled Hibernation (safe; 9% risk of failure)
Press: ? - help, Shift-Dir - straight line, f - orc
Aim: an orc, wielding a +0 hand axe and wearing a +0 leather armour (wandering, hasn't noticed you, chance to affect: 63%)
The orc looks drowsy...
The orc shouts!
You hit the orc.
The orc is lightly wounded.
The orc hits you with a +0 hand axe.
You hit the orc.
The orc is heavily wounded.
The orc misses you.
You hit the orc.
The orc is almost dead.
The orc hits you with a +0 hand axe!
You die...

########.#.# #.#
###.......>..o# #.#
......#####...##############.#
###.. #...##.............#
..... #...##.#############
#######.###÷).##.#
...<..........##.#
#######.###..###o#
.........###@#
.........##......#
....#.#..##..#####
#####.#..##..# #.#..##..#
#####.#..##..# .............#
..###.##.###.########
##.##.###÷..).)..#


You could see an orc.

Vanquished Creatures
  Jessica (D:3)
  3 adders
  2 worms (D:2)
  An orc (D:3)
  5 endoplasms
  A giant cockroach (D:1)
  3 goblins
  3 hobgoblins
  6 jackals (D:3)
  3 kobolds
  3 quokkas
  4 ball pythons
  5 bats
  2 rats
42 creatures vanquished.

Vanquished Creatures (others)
  A plant (D:3)
1 creature vanquished.

Grand Total: 43 creatures vanquished

Notes
Turn   | Place    | Note
-------+----------+-------------------------------------------
     0 | D:1      | drpainis the Spriggan Enchanter began the quest for the
                  | Orb.
     0 | D:1      | Reached XP level 1. HP: 9/9 MP: 5/5
   624 | D:1      | Reached skill level 5 in Stealth
   704 | D:1      | Reached XP level 2. HP: 8/13 MP: 6/6
   874 | D:1      | Learned a level 2 spell: Ensorcelled Hibernation
  1093 | D:1      | Found a faded altar of an unknown god.
  2324 | D:2      | Reached XP level 3. HP: 16/16 MP: 5/8
  2488 | D:2      | Learned a level 3 spell: Confusing Touch
  2492 | D:2      | Learned a level 3 spell: Tukima's Dance
  2844 | D:3      | Found Kitsuqul's Jewellery Shoppe.
  2917 | D:3      | Noticed Jessica
  2921 | D:3      | Killed Jessica
  2922 | D:3      | Reached XP level 4. HP: 21/21 MP: 10/10
  2960 | D:3      | Found a burning altar of Makhleb.
  3205 | D:3      | Found a bloodstained altar of Trog.
  3828 | D:3      | Noticed an ogre
  3889 | D:3      | Slain by an orc

Illustrated notes

Levels and vault maps discovered:
D:1:      spicycebolla_arrival_xxxplode, layout_basic,
          shapermc_ecumenical_altar_notcrosses
D:2:      layout_basic, kennysheep_cluttered_room, grunt_ministairs_14
D:3:      lemuel_castle_with_subvaults [lemuel_castle_interior_carwin_2],
          layout_loops_ring, bloody_makhleb, mainiacjoe_overflow_catwalk,
          serial_shops, shop, minmay_door_square, uniq_jessica

Skill      XL: |  1  2  3 |
---------------+----------+-----
Stealth        | 5 |  5.9
Spellcasting   | 3 |  3.7
Dodging        | 3 |  3.1
Hexes          | 4 |  4.2
Fighting       | |  0.1
Short Blades   | |  1.9
Ice Magic      | |  0.6

Action                   |  1- 3 |  4- 6 || total
-------------------------+-------+-------++-------
Melee: Dagger            |    75 |    54 ||   129
 Cast: Ensorcelled Hiber |    13 |    17 ||    30
       Confusing Touch   |       |     3 ||     3
 Stab: Sleeping          |    14 |    11 ||    25
       Confused          |       |     1 ||     1
Armor: Robe              |     4 |     6 ||    10
Dodge: Dodged            |    46 |    47 ||    93

Table legend: (Time is in decaauts)
 A = Elapsed time spent in this place.
 B = Non-inter-level travel time spent in this place.
 C = Inter-level travel time spent in this place.
 D = Time resting spent in this place.
 E = Time spent auto-exploring this place.
 F = Levels seen in this place.
 G = Mean time per level.
                   A        B        C        D        E       F      G
               +--------+--------+--------+--------+--------+-----+--------+
         Total |   3003 |   2954 |     49 |    247 |   2185 |   3 | 1001.0 |
       Dungeon |   3003 |   2954 |     49 |    247 |   2185 |   3 | 1001.0 |
               +--------+--------+--------+--------+--------+-----+--------+

Top non-repeatable levels by time:
     D:1: 1168 daAuts
     D:2: 1020 daAuts
     D:3: 813 daAuts
